 Dungeon Crawl Stone Soup version 0.28.0-62-gf88900778d (webtiles) character file.

Game seed: 6938269315008702889

270 imTrash the Slasher (level 6, -11/56 HPs)
             Began as a Minotaur Berserker on May 1, 2023.
             Was a Believer of Trog.
             Mangled by a shadow (13 damage)
             ... on level 5 of the Dungeon.
             The game lasted 00:09:50 (2496 turns).

imTrash the Slasher (Minotaur Berserker)            Turns: 2496, Time: 00:09:51

Health: -11/56     AC:  7    Str: 23    XL:     6   Next: 1%
Magic:  5/5        EV: 11    Int:  4    God:    Trog [**....]
Gold:   120        SH:  0    Dex: 10    Spells: 5/5 levels left

rFire   . . .      SeeInvis .   a - +0 falchion
rCold   . . .      Faith    .   (no shield)
rNeg    . . .      Spirit   .   i - +0 ring mail
rPois   .          Reflect  .   (helmet restricted)
rElec   .          Harm     .   (no cloak)
rCorr   .          Rampage  .   (no gloves)
Will    .....                   n - +0 pair of boots
Stlth   +.........              (no amulet)
HPRegen 0.18/turn               (no ring)
MPRegen 0.09/turn               (no ring)

@: no status effects
A: horns 2, retaliatory headbutt
a: Renounce Religion, Berserk, Trog's Hand


You were on level 5 of the Dungeon.
You worshipped Trog.
Trog was pleased with you.
You visited 1 branch of the dungeon, and saw 5 of its levels.

You collected 120 gold pieces.

Inventory:

Hand Weapons
 a - a +0 falchion (weapon)
Missiles
 c - 39 bolts
 m - 36 arrows
Armour
 b - a +0 animal skin
 g - a +0 robe
 i - a +0 ring mail (worn)
 n - a +0 pair of boots (worn)
Wands
 k - a wand of paralysis (7)
Scrolls
 f - 2 scrolls of brand weapon {unknown}
 h - 4 scrolls of teleportation {unknown}
 l - 2 scrolls of identify {unknown}
Potions
 d - 3 potions of brilliance {unknown}
 e - 3 potions of curing {unknown}
 j - a potion of flight {unknown}


   Skills:
 + Level 5.1 Fighting
 + Level 5.6 Long Blades
 + Level 3.8 Armour
 + Level 3.6 Dodging
 + Level 0.4 Stealth


You had 5 spell levels left.
You didn't know any spells.
Your spell library was empty.

Dungeon Overview and Level Annotations

Branches:
Dungeon (5/15)
 Temple: D:4-7

Altars:
Qazlal
Zin


Innate Abilities, Weirdness & Mutations

You have a pair of horns on your head.
You reflexively headbutt those who attack you in melee.


Message History

Trog accepts your kill.
You slash something! You headbutt something.
The shadow strikes at you from the darkness!
Reactivating autopickup.
You hit the shadow but do no damage. Your headbutt misses the shadow.
The shadow is moderately damaged.
The shadow barely misses you.
You hit the shadow but do no damage.
The shadow is moderately damaged.
The shadow misses you. The shadow hits you.
You completely miss the shadow.
The shadow is moderately damaged.
The shadow slips into darkness.
The shadow flickers and vanishes!
Deactivating autopickup; reactivate with Ctrl-A.
You miss something.
The shadow strikes at you from the darkness!
Reactivating autopickup.
You closely miss the shadow. Your headbutt misses the shadow.
The shadow is moderately damaged.
The shadow barely misses you.
You slash the shadow!
The shadow is heavily damaged.
The shadow hits you!
* * * LOW HITPOINT WARNING * * *
You closely miss the shadow. Your headbutt misses the shadow.
The shadow is heavily damaged.
The shadow barely misses you.
You hit the shadow.
The shadow is severely damaged.
The shadow hits you.
* * * LOW HITPOINT WARNING * * *
You hit the shadow.
The shadow is almost destroyed.
The shadow slips into darkness.
The shadow flickers and vanishes!
Deactivating autopickup; reactivate with Ctrl-A.
You closely miss something. Your headbutt misses something.
The shadow strikes at you from the darkness!
You die...

#. . ###. ##..#
##..(# #....#§§§#
#....#§§§#
#...##{##.##..
#.....@.......
#..##....##..#
##...#....#
#######....####....
#..##.......## ...#
#...#............##
##.........###.###
#...##.##.## #
##.....#..#


There were no monsters in sight!

Vanquished Creatures
  A water moccasin (D:3)
  A water moccasin zombie (D:3)
  A scorpion zombie (D:5)
  A hound skeleton (D:4)
  An adder (D:2)
  A worm (D:4)
  The ghost of Coron the Sneak, a weakling DDDe (D:5)
  2 dart slugs
  An orc (D:3)
  4 ball pythons (D:1)
  5 endoplasms
  2 giant cockroaches
  5 goblins
  5 hobgoblins
  7 jackals
  5 kobolds
  A quokka (D:1)
  5 bats
  2 frilled lizards
  5 rats
56 creatures vanquished.

Vanquished Creatures (others)
  5 plants (D:1)
5 creatures vanquished.

Grand Total: 61 creatures vanquished

Notes
Turn   | Place    | Note
-------+----------+-------------------------------------------
     0 | D:1      | imTrash the Minotaur Berserker began the quest for the Orb.
     0 | D:1      | Reached XP level 1. HP: 19/19 MP: 0/0
   167 | D:1      | Found a faded altar of an unknown god.
   364 | D:1      | Reached XP level 2. HP: 27/27 MP: 1/1
   847 | D:2      | Reached XP level 3. HP: 26/33 MP: 2/2
   863 | D:2      | Reached ** piety under Trog
  1121 | D:2      | Found a glowing silver altar of Zin.
  1354 | D:3      | Noticed a water moccasin
  1364 | D:3      | Killed a water moccasin
  1365 | D:3      | Reached skill level 5 in Long Blades
  1365 | D:3      | Reached XP level 4. HP: 27/41 MP: 3/3
  1365 | D:3      | Reached XP level 5. HP: 32/47 MP: 4/4
  1589 | D:3      | Found a stormy altar of Qazlal.
  1629 | D:3      | Reached skill level 5 in Fighting
  2413 | D:5      | Entered Level 5 of the Dungeon
  2423 | D:5      | Reached XP level 6. HP: 49/56 MP: 5/5
  2467 | D:5      | Noticed a shadow
  2469 | D:5      | Found a runed translucent door.
  2476 | D:5      | Noticed Coron's ghost (weakling DDDe)
  2485 | D:5      | Killed Coron's ghost
  2494 | D:5      | HP: 1/56 [shadow (6)]
  2496 | D:5      | Mangled by a shadow

Illustrated notes

Levels and vault maps discovered:
D:1:      dpeg_arrival_stone_temple_mockup, layout_basic,
          chequers_ecumenical_altar_lobes
D:2:      layout_rooms, basic_altar, minmay_cut_off, uniq_jessica, uniq_natasha
D:3:      layout_loops_corners, grunt_qazlal_clouds, eino_tiny_chamber
D:4:      layout_loops_ring, okawaru_ov_weapons_minmay, elyvilon_altar_1,
          gammafunk_temple_overflow_statue
D:5:      layout_cave_pools, eat_drink_and_be_merry_uskayaw,
          mainiacjoe_overflow_alcove_2, minmay_temple_entry_glass,
          ebering_ghost_inner_flame

Skill      XL: |  1  2  3  4  5 |
---------------+----------------+-----
Long Blades    | 4 5 |  5.6
Fighting       | 4 5 |  5.1
Armour         | 3 |  3.8
Dodging        | 3 |  3.6
Stealth        | |  0.4

Action                   |  1- 3 |  4- 6 || total
-------------------------+-------+-------++-------
Melee: Falchion          |    88 |    51 ||   139
       Headbutt          |    12 |     9 ||    21
       Punch             |     1 |     2 ||     3
Armor: Robe              |     8 |       ||     8
       Animal skin       |     1 |       ||     1
       Ring mail         |    16 |     7 ||    23
Dodge: Dodged            |    68 |    27 ||    95
